 Dungeon Crawl Stone Soup version 0.31-a0-148-gb92c8fe61f (webtiles) character file.

Game seed: 5627880989692594360

292 qw the Shooter (level 6, -1/53 HPs)
             Began as a Minotaur Hunter on June 7, 2023.
             Slain by Natasha (8 damage)
             ... on level 4 of the Dungeon.
             The game lasted 00:01:15 (3390 turns).

qw the Shooter (Minotaur Hunter)                    Turns: 3390, Time: 00:01:16

Health: -1/53      AC:  6    Str: 15    XL:     6   Next: 10%
Magic:  5/5        EV: 11    Int:  6    God:
Gold:   212        SH:  0    Dex: 16    Spells: 5/5 levels left

rFire   . . .        Y - +0 shortbow
rCold   . . .        (shield currently unavailable)
rNeg    . . .        g - +0 ring mail
rPois   .            (helmet restricted)
rElec   .            (no cloak)
rCorr   .            (no gloves)
SInv    .            n - +0 pair of boots
Will    .....        (no amulet)
Stlth   +            (no ring)
HPRegen 0.28/turn    (no ring)
MPRegen 0.09/turn

%: no passive effects
@: no status effects
A: horns 2, retaliatory headbutt
a: no special abilities


You were on level 4 of the Dungeon.
You visited 1 branch of the dungeon, and saw 4 of its levels.

You collected 212 gold pieces.


Innate Abilities, Weirdness & Mutations

You have a pair of horns on your head.
You reflexively headbutt those who attack you in melee.


   Skills:
 - Level 4.3 Fighting
 + Level 7.3 Ranged Weapons
 - Level 1.0 Armour
 - Level 2.1 Dodging
 - Level 0.7 Stealth


You had 5 spell levels left.
You didn't know any spells.
Your spell library was empty.

Inventory:

Hand Weapons
 Y - a +0 shortbow (weapon)
Armour
 c - a +0 cloak
 g - a +0 ring mail (worn)
 m - a +2 pair of boots
 n - a +0 pair of boots (worn)
Wands
 l - a wand of digging (5)
Scrolls
 a - a scroll of identify {unknown}
Potions
 b - a potion of brilliance {unknown}
 d - a potion of heal wounds {unknown}
 e - a potion of haste {unknown}
 f - a potion of degeneration {unknown}
 h - a potion of mutation {unknown}
 i - a potion of lignification {unknown}
 j - a potion of enlightenment {unknown}
 k - a potion of invisibility {unknown}

Dungeon Overview and Level Annotations

Branches:
Dungeon (4/15)
 Temple: D:4-7

Altars:
Nemelex Xobeh
Trog
Yredelemnul

Annotations:
D:4 Natasha


Message History

Natasha claws you.
You shoot an arrow. The arrow barely misses Natasha.
Natasha claws you.
You shoot an arrow.
The arrow hits Natasha but does no damage.
Natasha claws you.
You shoot an arrow. The arrow hits Natasha.
Natasha is lightly wounded.
Natasha barely misses you.
You shoot an arrow. The arrow misses Natasha.
Natasha claws you.
You shoot an arrow. The arrow barely misses Natasha.
Natasha closely misses you. Natasha claws you but does no damage.
You shoot an arrow. The arrow closely misses Natasha.
Natasha claws you!
You shoot an arrow. The arrow hits Natasha.
Natasha is lightly wounded.
Natasha closely misses you.
You shoot an arrow.
The arrow hits Natasha but does no damage.
Natasha is lightly wounded.
Natasha barely misses you. You furiously retaliate!
You headbutt Natasha. You shoot an arrow. The arrow hits Natasha.
Natasha is moderately wounded.
Natasha claws you but does no damage.
You shoot an arrow. The arrow hits Natasha.
Natasha is heavily wounded.
Natasha casts a spell.
You shoot an arrow. The arrow closely misses Natasha.
Natasha claws you! The cerulean imp misses you.
You shoot an arrow.
The arrow hits Natasha but does no damage.
Natasha is heavily wounded.
Natasha claws you.
The cerulean imp hits you with a +3 spear.
Natasha closely misses you.
You shoot an arrow. The arrow hits Natasha.
Natasha is almost dead.
The cerulean imp closely misses you. Natasha claws you!
You die...

#......')...........#
#....).)%......##...#
####.~~~~~~~~~.#......
#.~.......~.........
##.~.#####.~.#......#
#...)....#.~.# .
###..~.#._.#.~.######...
.....~.#.....~...h....#
.....~.#####.~.#@###
.....~.......~.5.#
.....~~~~~~~~~...#
#..............###
#.........##.###
#.........##.#
####......##.#
#####.######.# .....[#
#.#


You could see Natasha and a cerulean imp (summoned).

Vanquished Creatures
  A scorpion (D:4)
  A hound (D:4)
  Ijyb (D:3)
  2 orc wizards
  4 adders
  2 worms (D:2)
  A dart slug (D:4)
  9 orcs
  8 bats
  4 endoplasms
  4 giant cockroaches
  8 goblins
  4 hobgoblins
  4 jackals (D:2)
  2 quokkas
  11 ball pythons
  A frilled lizard (D:1)
  6 kobolds
  6 rats
79 creatures vanquished.

Notes
Turn   | Place    | Note
-------+----------+-------------------------------------------
     0 | D:1      | qw the Minotaur Hunter began the quest for the Orb.
     0 | D:1      | Reached XP level 1. HP: 18/18 MP: 0/0
     0 | D:1      | 0 ||| qw: Version: 0.2-a-117-gc6b5c8b
     0 | D:1      | 0 ||| qw: Game counter: 2553
     0 | D:1      | 0 ||| qw: Always use a shield: true
     0 | D:1      | 0 ||| qw: God list: Okawaru
     0 | D:1      | 0 ||| qw: Allow faded altars: false
     0 | D:1      | 0 ||| qw: Do Orc after D:15 true
     0 | D:1      | 0 ||| qw: Do second Lair branch before Depths: true
     0 | D:1      | 0 ||| qw: Lair rune preference: random
     0 | D:1      | 0 ||| qw: Plans: Normal
     0 | D:1      | 0 ||| PLANNING D:1-11
   324 | D:1      | Reached XP level 2. HP: 25/25 MP: 1/1
   325 | D:1      | Reached skill level 5 in Ranged Weapons
   377 | D:1      | 377 ||| DROPPING scroll of butterflies.
   430 | D:1      | Reached skill level 3 in Fighting
  1130 | D:2      | Reached XP level 3. HP: 31/31 MP: 2/2
  1574 | D:2      | You fall into a shaft and drop 1 floor!
  1628 | D:3      | 1628 ||| UPGRADING to +0 ring mail.
  1638 | D:3      | 1638 ||| DROPPING +0 leather armour.
  1643 | D:3      | Reached XP level 4. HP: 38/38 MP: 3/3
  1644 | D:3      | 1644 ||| FLEEEEING.
  1645 | D:3      | 1645 ||| FLEEEEING.
  1646 | D:3      | 1646 ||| FLEEEEING.
  1647 | D:3      | 1647 ||| FLEEEEING.
  1648 | D:3      | 1648 ||| FLEEEEING.
  1649 | D:3      | 1649 ||| STAIRDANCE
  1768 | D:2      | Reached skill level 1 in Armour
  1860 | D:3      | 1860 ||| STAIRDANCE
  1867 | D:2      | Reached skill level 6 in Ranged Weapons
  1970 | D:3      | 1970 ||| STAIRDANCE
  1972 | D:3      | 1972 ||| STAIRDANCE
  1974 | D:3      | 1974 ||| STAIRDANCE
  2391 | D:3      | Noticed Ijyb
  2405 | D:3      | Killed Ijyb
  2406 | D:3      | Reached XP level 5. HP: 42/47 MP: 4/4
  2871 | D:3      | 2871 ||| UPGRADING to +0 pair of boots.
  2876 | D:3      | 2876 ||| READING scroll labelled NIRINA FOVEKH.
  2877 | D:3      | 2877 ||| READING scroll labelled NEORIU JONLATH.
  2878 | D:3      | 2878 ||| DRINKING 2 golden potions.
  2936 | D:4      | Found a sparkling altar of Nemelex Xobeh.
  3103 | D:4      | Found a basalt altar of Yredelemnul.
  3230 | D:4      | 3230 ||| DRINKING potion of curing.
  3230 | D:4      | 3230 ||| (to cure confusion)
  3237 | D:4      | Reached skill level 7 in Ranged Weapons
  3238 | D:4      | 3238 ||| FLEEEEING.
  3258 | D:4      | Found a bloodstained altar of Trog.
  3325 | D:4      | Reached XP level 6. HP: 51/53 MP: 5/5
  3374 | D:4      | Noticed Natasha
  3389 | D:4      | HP: 11/53 [Natasha (5)]
  3390 | D:4      | Slain by Natasha

Levels and vault maps discovered:
D:1:      tekkud_arrival_beachfront_property, layout_basic,
          serial_co_window_serial, co_window_of_opportunity_a,
          co_window_paths_a, co_window_corner_a, co_window_paths_a,
          co_window_corner_a, co_window_paths_a, co_window_corner_a,
          co_window_corner_cb, co_window_broadway_c, co_window_2corner,
          co_window_paths_c, glass_columns_b, glass_columns_b, glass_columns_a,
          glass_columns_c, glass_columns_a, kennysheep_doodads,
          minmay_split_cup_small
D:2:      layout_loops_ring
D:3:      layout_basic, uniq_ijyb
D:4:      layout_basic, kennysheep_ying_yang, nemelex_diamond_rough_becter,
          mainiacjoe_overflow_brackets, uniq_natasha

Skill      XL: |  1  2  3  4  5 |
---------------+----------------+-----
Ranged Weapons | 5 6 7 |  7.3
Fighting       | 3 4 |  4.3
Armour         | 1 |  1.0
Dodging        | |  2.1
Stealth        | |  0.7

Action                     |  1- 3 |  4- 6 || total
---------------------------+-------+-------++-------
   Fire: Shortbow          |   112 |   137 ||   249
    Use: Scroll            |       |     2 ||     2
         Potion            |       |     2 ||     2
 Armour: Leather armour    |     6 |       ||     6
         Ring mail         |       |    30 ||    30
  Dodge: Dodged            |    30 |    52 ||    82

Table legend:
 A = Non-vault XP
 B = Vault XP
 C = Vault XP percentage of total XP
 D = Non-vault monster count
 E = Vault monster count
 F = Vault count percentage of total count
                 A         B        C        D         E       F
            +---------+---------+-------+---------+---------+-------
      Total |     378 |      40 |   9.6 |      75 |       4 |   5.1
            +---------+---------+-------+---------+---------+-------
        D:1 |      36 |       4 |  10.0 |      23 |       3 |  11.5
        D:2 |     114 |       0 |   0.0 |      21 |       0 |   0.0
        D:3 |      16 |      36 |  69.2 |      11 |       1 |   8.3
        D:4 |     212 |       0 |   0.0 |      20 |       0 |   0.0
            +---------+---------+-------+---------+---------+-------
